 Dungeon Crawl Stone Soup version 0.20.1-1-g8b1a95d (webtiles) character file.

152 Knicklaso the Slasher (level 5, 0/34 HPs)
             Began as a Halfling Skald on July 15, 2017.
             Succumbed to a worker ant's poison
             ... on level 4 of the Dungeon.
             The game lasted 00:11:01 (3101 turns).

Knicklaso the Slasher (Halfling Skald)              Turns: 3101, Time: 00:11:02

Health: 0/34       AC:  5    Str: 13    XL:     5   Next: 60%
Magic:  7/7        EV: 10    Int: 11    God:
Gold:   121        SH:  7    Dex: 14    Spells: 6/7 levels left

rFire    . . .     SeeInvis .   a - +0 falchion
rCold    . . .     Gourm    .   q - +0 shield
rNeg     . . .     Faith    .   j - +0 ring mail (curse)
rPois    .         Spirit   .   (no helmet)
rElec    .         Reflect  .   (no cloak)
rCorr    +         Harm     .   (no gloves)
MR       .....                  (no boots)
Stlth    +.........             h - amulet of magic regeneration
Regen    0.2/turn               g - ring of resist corrosion
MPRegen  0.2/turn               (no ring)

@: lethally poisoned (0 -> -2)
A: mutation resistance 1
a: no special abilities


You were on level 4 of the Dungeon.
You were not hungry.

You visited 1 branch of the dungeon, and saw 4 of its levels.

You collected 121 gold pieces.

Inventory:

Hand Weapons
 a - a +0 falchion (weapon)
Missiles
 e - 122 stones (quivered)
Armour
 b - a +0 leather armour
 j - a cursed +0 ring mail (worn)
 q - a +0 shield (worn)
Jewellery
 g - a ring of resist corrosion (left hand)
 h - an amulet of magic regeneration (around neck)
Scrolls
 f - a scroll of teleportation {unknown}
 k - 4 scrolls of identify {unknown}
 l - 2 scrolls of fog {unknown}
 n - a scroll of enchant weapon {unknown}
 p - a scroll of amnesia {unknown}
Books
 c - a book of Battle

   Spells                             Type                      Level
   a - Infusion                       Charms                       1
   b - Shroud of Golubria             Charms/Translocation         2
   c - Song of Slaying                Charms                       2
   d - Spectral Weapon                Hexes/Charms                 3
   e - Regeneration                   Charms/Necromancy            3
Comestibles
 d - a bread ration
 i - a royal jelly
 m - 3 chunks of flesh
 o - 4 fruits


   Skills:
 - Level 1.7 Fighting
 + Level 5.4 Long Blades
 - Level 1.1 Armour
 - Level 2.1 Dodging
 - Level 1.5 Spellcasting
 - Level 3.2 Charms


You had 6 spell levels left.
You knew the following spells:

 Your Spells              Type           Power        Failure   Level  Hunger
a - Infusion              Chrm           #...         75%         1    ##.....


Dungeon Overview and Level Annotations

Branches:
Dungeon (3/15)

Altars:
Qazlal


Innate Abilities, Weirdness & Mutations

You are small and have problems with some larger weapons.
You are somewhat resistant to further mutation.


Message History

The jackal is almost dead.
The worker ant misses you.
You riposte.
Your shield prevents you from hitting the worker ant.
The jackal bites you.
* * * LOW HITPOINT WARNING * * *
You block the jackal's attack.
The jackal bites you but does no damage.
The worker ant bites you but does no damage.
You feel sick. You block the jackal's attack. The jackal barely misses you.
Found an escape hatch in the ceiling.
The jackal bites you but does no damage.
A hound comes into view.
The hound barks!
You feel sick. The worker ant bites you.
* * * LOW HITPOINT WARNING * * *
The hound barely misses you. The hound bites you.
* * * LOW HITPOINT WARNING * * *
You die...

...........##
#.................##
#..................##
#..................#
#.................#
##...............#
##...............#
###..........hh.@.#
#.#..........a.h###
#.....#......h.##
.....###....h###
....## ##..###
.....###....#
......#.......
..............>
............#..


You could see a hound, a worker ant and 4 jackals.

Vanquished Creatures
  Jessica (D:2)
  3 adders (D:2)
  An ooze (D:2)
  2 worms (D:2)
  2 dart slugs
  5 leopard geckos
  7 orcs (D:3)
  6 bats
  2 giant cockroaches (D:2)
  9 goblins
  6 hobgoblins
  6 jackals
  6 kobolds
  2 quokkas
  3 ball pythons
  4 frilled lizards
  7 rats
72 creatures vanquished.

Notes
Turn   | Place    | Note
-------+----------+-------------------------------------------
     0 | D:1      | Knicklaso the Halfling Skald began the quest for the Orb.
     0 | D:1      | Reached XP level 1. HP: 14/14 MP: 3/3
   164 | D:1      | Reached XP level 2. HP: 3/19 MP: 4/4
   739 | D:1      | Reached skill level 3 in Long Blades
  1198 | D:2      | Reached XP level 3. HP: 24/24 MP: 5/5
  1674 | D:2      | Noticed Jessica
  1680 | D:2      | Killed Jessica
  1680 | D:2      | Reached skill level 4 in Long Blades
  1680 | D:2      | Reached XP level 4. HP: 23/29 MP: 6/6
  2322 | D:2      | Reached XP level 5. HP: 33/34 MP: 7/7
  2599 | D:2      | Reached skill level 5 in Long Blades
  2910 | D:3      | Found a stormy altar of Qazlal.
  3081 | D:3      | You fall through a shaft!
  3100 | D:4      | HP: 1/34 [hound (1)]
  3101 | D:4      | Succumbed to a worker ant's poison

Skill      XL: |  1  2  3  4  5 |
---------------+----------------+-----
Long Blades    | 3 4 5 |  5.4
Fighting       | |  1.7
Armour         | |  1.1
Dodging        | |  2.1
Spellcasting   | |  1.5
Charms         | |  3.2

Action                   |  1- 3 |  4- 6 || total
-------------------------+-------+-------++-------
Melee: Falchion          |   102 |   158 ||   260
 Cast: Infusion          |       |     1 ||     1
  Use: Potion            |       |     2 ||     2
 Stab: Sleeping          |     2 |       ||     2
  Eat: Chunk             |     2 |     5 ||     7
Armor: Leather armour    |    26 |       ||    26
       Ring mail         |       |    56 ||    56
Dodge: Dodged            |    79 |   100 ||   179
Block: Shield            |       |    12 ||    12
       Rpst.: Falchion   |    29 |    36 ||    65
